 Dungeon Crawl Stone Soup version 0.28.0-53-g5a82cb258f (webtiles) character file.

Game seed: 18154765836940818649

1993 Peloso the Carver (level 9, -3/79 HPs)
             Began as a Minotaur Fighter on June 26, 2022.
             Killed from afar by a steam dragon (17 damage)
             ... with a ball of steam
             ... on level 7 of the Dungeon.
             The game lasted 00:07:54 (4306 turns).

Peloso the Carver (Minotaur Fighter)                Turns: 4306, Time: 00:07:55

Health: -3/79      AC: 10    Str: 28    XL:     9   Next: 1%
Magic:  8/8        EV:  9    Int:  5    God:
Gold:   366        SH:  5    Dex: 13    Spells: 8/8 levels left

rFire   . . .      SeeInvis .   a - +1 long sword (flame)
rCold   . . .      Faith    .   c - +0 buckler
rNeg    . . .      Spirit   .   k - +0 chain mail
rPois   +          Reflect  .   (helmet restricted)
rElec   +          Harm     .   (no cloak)
rCorr   .          Rampage  .   (no gloves)
Will    .....                   (no boots)
Stlth   ..........              g - amulet "Busoup" {Acrobat +Blink rElec rPois Stlth+}
HPRegen 0.23/turn               l - +6 ring of strength
MPRegen 0.11/turn               (no ring)

@: no status effects
A: horns 2, retaliatory headbutt, mutation resistance 1
a: Evoke Blink


You were on level 7 of the Dungeon.
You visited 1 branch of the dungeon, and saw 7 of its levels.

You collected 366 gold pieces.

Inventory:

Hand Weapons
 a - a +1 long sword of flaming (weapon)
Armour
 b - a +0 scale mail
 c - a +0 buckler (worn)
 k - a +0 chain mail (worn)
 n - the +8 chain mail of Prudence {Contam rElec rCorr Slay+3}
   (You found it on level 7 of the Dungeon)

   Slay:      It affects your accuracy & damage with ranged weapons and melee
   (+3).
   rElec:     It insulates you from electricity.
   Contam:    It causes magical contamination when unequipped.
   rCorr:     It protects you from acid and corrosion.
Jewellery
 g - the amulet "Busoup" (around neck) {Acrobat +Blink rElec rPois Stlth+}
   (You acquired it on level 3 of the Dungeon)

   [amulet of the acrobat]

   It increases your evasion while moving and waiting.
   rElec:     It insulates you from electricity.
   rPois:     It protects you from poison.
   +Blink:    It lets you blink.
   Stlth:     It makes you more stealthy.
 l - a +6 ring of strength (left hand)
 r - an amulet of guardian spirit
Wands
 p - a wand of flame (18)
Scrolls
 f - 4 scrolls of enchant weapon
 h - a scroll of immolation
 j - a scroll of silence
 o - 3 scrolls of teleportation
Potions
 d - 7 potions of might
 e - 2 potions of mutation
 i - a potion of heal wounds
 m - a potion of flight
 q - a potion of cancellation {unknown}


   Skills:
 + Level 7.3 Fighting
 + Level 9.6 Long Blades
 + Level 7.9 Armour
 + Level 1.2 Dodging
 + Level 0.8 Stealth
 + Level 5.3 Shields


You had 8 spell levels left.
You didn't know any spells.
Your spell library contained the following spells:

 Spells                   Type           Power      Damage    Failure   Level
 Animate Skeleton         Necr           0%         N/A       97%         1
 Apportation              Tloc           0%         N/A       97%         1
 Summon Small Mammal      Summ           0%         N/A       97%         1
 Static Discharge         Conj/Air       0%         N/A       99%         2
 Dispel Undead            Necr           0%         3d6       100%        4
 Sticky Flame             Conj/Fire      0%         2d3       100%        4


Dungeon Overview and Level Annotations

Branches:
Dungeon (7/15)
 Temple: D:4-7

Altars:
Ru
Yredelemnul

Shops:
D:5 (   D:6 (

Portals:
Abyss: D:4

Annotations:
D:4 2 transporters, jaiteiro's ghost, weakling OpEE


Innate Abilities, Weirdness & Mutations

You have a pair of horns on your head.
You reflexively headbutt those who attack you in melee.
You are somewhat resistant to further mutation.


Message History

You block the gnoll's attack.
The gnoll sergeant completely misses you.
The gnoll closely misses you.
Items here: ))) †††.
Unknown command.
Found 12 gold pieces.
The gnoll sergeant barely misses you.
A jelly comes into view.
Unknown command.
You barely miss the steam dragon.
The jelly quivers.
The gnoll misses you. The gnoll closely misses you.
The gnoll sergeant hits you but does no damage.
The steam dragon closely misses you.
The steam dragon claws you but does no damage.
Unknown command.
You barely miss the steam dragon.
The gnoll is engulfed in a cloud of scalding steam.
The gnoll dies!
The gnoll hits you but does no damage. You block the gnoll sergeant's attack.
The steam dragon bites you but does no damage.
The steam dragon claws you.
You barely miss the steam dragon.
You headbutt the steam dragon, but do no damage.
You block the gnoll sergeant's attack. The gnoll hits you but does no damage.
You block the steam dragon's attack. The steam dragon claws you.
* * * LOW HITPOINT WARNING * * *
You barely miss the steam dragon. You block the gnoll sergeant's attack.
The gnoll hits you with a +0 flail.
* * * LOW HITPOINT WARNING * * *
The steam dragon bites you.
* * * LOW HITPOINT WARNING * * *
The steam dragon claws you but does no damage.
Unknown command.
You slash the steam dragon! You burn the steam dragon.
The steam dragon is severely wounded.
The gnoll sergeant barely misses you. You furiously retaliate!
You headbutt the gnoll sergeant! The gnoll hits you but does no damage.
The steam dragon breathes steam at you. The ball of steam hits you!
You die...

#.......##
####.....#
#.....# #.....#
#.....#
#.....####+##
#####.......###
#.)g.......
#.g@D......
#..........
#..........
#..........
J.######...
.... ## $...
.....


You could see a steam dragon (catching breath), a gnoll sergeant, a jelly and a
gnoll.

Vanquished Creatures
  A centaur zombie (D:6)
  Eustachio (D:5)
  Menkaure (D:5)
  A water moccasin (D:7)
  2 sky beasts (D:5)
  2 necrophages
  2 ogres
  2 bullfrogs
  A scorpion (D:7)
  A howler monkey (D:5)
  A bullfrog zombie (D:5)
  2 hounds
  3 jellies
  An orc priest (D:5)
  4 iguanas (D:6)
  2 hound zombies (D:5)
  8 adders
  5 gnolls
  A white imp (D:5)
  An ufetubus (D:6)
  2 adder zombies (D:4)
  3 dart slugs
  A worm (D:3)
  7 orcs
  7 endoplasms
  A giant cockroach (D:1)
  3 goblins
  6 hobgoblins
  A jackal (D:6)
  3 quokkas
  8 ball pythons
  5 bats
  7 frilled lizards
  8 kobolds
  5 rats
109 creatures vanquished.

Vanquished Creatures (others)
  2 gnolls (D:7)
2 creatures vanquished.

Grand Total: 111 creatures vanquished

Notes
Turn   | Place    | Note
-------+----------+-------------------------------------------
     0 | D:1      | Peloso the Minotaur Fighter began the quest for the Orb.
     0 | D:1      | Reached XP level 1. HP: 19/19 MP: 0/0
   133 | D:1      | Reached XP level 2. HP: 27/27 MP: 1/1
   162 | D:1      | Found a faded altar of an unknown god.
   523 | D:1      | Gained mutation: You are somewhat resistant to further
                  | mutation. [potion of mutation]
   595 | D:2      | Reached XP level 3. HP: 33/33 MP: 2/2
   633 | D:2      | Reached skill level 3 in Long Blades
  1271 | D:3      | Reached XP level 4. HP: 40/40 MP: 3/3
  2026 | D:3      | Identified a scroll of acquirement
  2026 | D:3      | Acquired the amulet "Busoup" {Acrobat +Blink rElec rPois
                  | Stlth+}
  2157 | D:4      | Found a one-way gate to the infinite horrors of the Abyss.
  2157 | D:4      | Noticed jaiteiro's ghost (weakling OpEE)
  2161 | D:4      | Noticed an ogre
  2167 | D:4      | Killed an ogre
  2168 | D:4      | Reached skill level 4 in Long Blades
  2168 | D:4      | Reached XP level 5. HP: 47/47 MP: 4/4
  2169 | D:4      | Found a transporter.
  2249 | D:4      | Noticed a necrophage
  2259 | D:4      | Killed a necrophage
  2260 | D:4      | Reached skill level 5 in Long Blades
  2260 | D:4      | Reached skill level 5 in Armour
  2264 | D:4      | Reached XP level 6. HP: 49/53 MP: 5/5
  2305 | D:4      | Reached skill level 6 in Long Blades
  2432 | D:4      | Found a basalt altar of Yredelemnul.
  2454 | D:4      | Found a transporter.
  2705 | D:5      | Entered Level 5 of the Dungeon
  2734 | D:5      | Reached skill level 5 in Fighting
  2767 | D:5      | Noticed Menkaure
  2773 | D:5      | Killed Menkaure
  2774 | D:5      | Reached XP level 7. HP: 53/61 MP: 6/6
  3046 | D:5      | Noticed Eustachio
  3062 | D:5      | Killed Eustachio
  3063 | D:5      | Reached skill level 7 in Long Blades
  3167 | D:5      | Reached XP level 8. HP: 59/70 MP: 7/7
  3251 | D:5      | Reached skill level 8 in Long Blades
  3423 | D:5      | Found Lish's Antique Weapon Shoppe.
  3803 | D:6      | Reached skill level 5 in Shields
  3855 | D:6      | Found a sacrificial altar of Ru.
  3980 | D:6      | Found Tifiw's Antique Weapon Boutique.
  4047 | D:6      | Reached skill level 9 in Long Blades
  4047 | D:6      | Reached skill level 1 in Dodging
  4254 | D:7      | Identified the +8 chain mail of Prudence {Contam rElec
                  | rCorr Slay+3}
  4297 | D:7      | Reached XP level 9. HP: 62/79 MP: 8/8
  4306 | D:7      | Killed from afar by a steam dragon

Illustrated notes

Levels and vault maps discovered:
D:1:      psy_arrival_dodecagon, layout_rooms, basic_ecumenical_altar,
          minivault_14
D:2:      layout_rooms, minmay_3d_cube
D:3:      layout_basic
D:4:      layout_cave_pools, lemuel_zombie_altar_yredelemnul,
          gammafunk_ghost_abyssal_escape
D:5:      layout_basic, serial_shops, nicolae_lakefront_shop,
          roderic_roman_lattice, uniq_eustachio, uniq_menkaure
D:6:      layout_basic, nicolae_ru_great_annihilating_truth, serial_shops,
          nicolae_take_the_stairs, kennysheep_generic_room_5
D:7:      layout_gridville, pdpol_temple_overflow_zin_treasury_gozag_greed,
          nicolae_qazlal_general_emergency, minmay_temple_entry_butterflies,
          uniq_joseph

Skill      XL: |  1  2  3  4  5  6  7  8 |
---------------+-------------------------+-----
Fighting       | 4 5 6 7 |  7.3
Shields        | 4 5 |  5.3
Armour         | 4 5 6 7 |  7.9
Long Blades    | 3 4 5 6 7 9 |  9.6
Dodging        | 1 |  1.2
Stealth        | |  0.8

Action                   |  1- 3 |  4- 6 |  7- 9 || total
-------------------------+-------+-------+-------++-------
Melee: Long sword        |    99 |    59 |   107 ||   265
       Headbutt          |     9 |     7 |    18 ||    34
  Use: Potion            |     4 |     1 |       ||     5
       Scroll            |     2 |     3 |     3 ||     8
 Stab: Paralysed         |       |       |     1 ||     1
Armor: Scale mail        |    26 |       |       ||    26
       Chain mail        |    28 |    28 |    71 ||   127
Dodge: Dodged            |    46 |    22 |    75 ||   143
Block: Buckler           |    24 |    11 |    32 ||    67
